[Event "Early-Titled-Tuesday-Blitz-March-26-2024"]
[Site "Chess.com"]
[Date "2024.03.26"]
[Round "1"]
[White "Ticoluis"]
[Black "JimDiGrease"]
[Result "0-1"]
[WhiteElo "2522"]
[BlackElo "2967"]
[TimeControl "180+1"]
[EndTime "8:07:44 PDT"]
[Termination "JimDiGrease won by resignation"]

1. e4 c5 2. Nf3 d6 3. Bb5+ Nd7 4. O-O a6 5. Bxd7+ Bxd7 6. c3 Nf6 7. d4 e6 8. Re1 Be7 9. Bg5 O-O 10. Nbd2 Bc6 11.
Qe2 h6 12. Bh4 cxd4 13. Nxd4 Bd7 14. Rad1 Rc8 15. Bg3 b5 16. e5 dxe5 17. Bxe5 Qb6 18. N2f3 Rfd8 19. h3 Nd5 20. Bg3 Qc5 21. Ne5 Be8 22.
a3 Nb6 23. Qg4 Nc4 24. Nxc4 Qxc4 25. Be5 Bf8 26. Bf6 Rd5 27. Re3 Bd7 28. Be5 f6 29.
Bxf6 e5 30. Qg6 exd4 31. Rg3 Bf5 32. Qxh6 Qc7 33. Rg5 Be4 34. Rxd4 Rxg5 35. Qxg5 Qc6 36. Be5 Re8 37. f3 Bd5 38. Rg4 Qb6+ 39. Kh1 Qb7 40.
Bd4 Qf7 41. Rf4 Qd7 42. Rg4 Re1+ 43. Bg1 Bc5 0-1

[Event "Early-Titled-Tuesday-Blitz-March-26-2024"]
[Site "Chess.com"]
[Date "2024.03.26"]
[Round "1"]
[White "Masterbeaterr"]
[Black "CarlosjPineror"]
[Result "1-0"]
[WhiteElo "2448"]
[BlackElo "2766"]
[TimeControl "180+1"]
[EndTime "8:07:44 PDT"]
[Termination "Masterbeaterr won by checkmate"]

1. d4 Nf6 2. c4 d6 3. Nc3 e5 4. d5 Bf5 5. g3 e4 6. Bg2 h6 7.
Qb3 b6 8. Be3 Nbd7 9. Bd4 Nc5 10.
Qd1 a5 11. Qd2 Qe7 12. h3 h5 13. Qf4 g6 14. Qg5 Bg7 15. g4 Bd7 16. O-O-O O-O-O 17. Kb1 Rde8 18. e3 Rh7 19. Nge2 Nxd5 20. Qxd5 c6 21. Bxc5 cxd5 22. Nxd5 Qe5 23. Bd4 Qg5 24. Nxb6+ Kc7 25. Nd5+ Kb7 26. Nec3 f5 27. Bxg7 Rxg7 28. Nf4 Qe7 29.
Ncd5 Qe5 30. g5 Bc6 31. h4 Rb8 32. Rd2 Kc8 33. Rc1 Rgb7 34. Rcc2 Be8 35. Nf6 Bf7 36. N4d5 Kd8 37. c5 a4 38. c6 Ra7 39. c7+ Rxc7 40.
Rxc7 Bxd5 41. Nxd5 Qh2 42. Bf1 Qxh4 43. Rg7 Qh1 44. Rd1 Qf3 45. Rc1 Rb5 46. Nf6 Qxf2 47. Rd7# 1-0

[Event "Early-Titled-Tuesday-Blitz-March-26-2024"]
[Site "Chess.com"]
[Date "2024.03.26"]
[Round "1"]
[White "kriscacco"]
[Black "subham777"]
[Result "1/2-1/2"]
[WhiteElo "2159"]
[BlackElo "2580"]
[TimeControl "180+1"]
[EndTime "8:07:45 PDT"]
[Termination "Game drawn - insufficient material"]

1. d4 d5 2. Nf3 Nf6 3. c4 e6 4. Nc3 Be7 5. Bf4 O-O 6. e3 Ne4 7. Nxe4 dxe4 8. Nd2 f5 9. f3 exf3 10. Qxf3 c5 11. Nb3 cxd4 12. exd4 Bb4+ 13. Bd2 Bxd2+ 14. Kxd2 Nc6 15. Kc3 a5 16. d5 Qf6+ 17. Kc2 exd5 18. cxd5 Nb4+ 19. Kb1 a4 20. Nc1 a3 21. bxa3 Na6 22. Nb3 Nc7 23. Be2 Rxa3 24. Rd1 Bd7 25. Qf4 Nb5 26. Bxb5 Bxb5 27. Qb4 Qa6 28. Nc5 Qa5 29.
Qxa5 Rxa5 30. Nb3 Raa8 31. Kb2 Bc4 32. Rd4 b5 33. Nd2 Rfc8 34. Nxc4 bxc4 35. Rc1 Ra4 36. Rc3 Rca8 37. a3 Rb8+ 38. Kc2 Rc8 39. d6 Ra7 40.
Rcxc4 Rd8 41. a4 Ra6 42. d7 Kf7 43. Rc8 Ke7 44. Rxd8 Kxd8 45. Kd3 g5 46. Kc3 f4 47. Kb4 Ra7 48. Rd5 h6 49. h4 Rxd7 50. Rxd7+ Kxd7 51. hxg5 hxg5 52. Kc4 g4 53. Kd4 Kc6 54. Ke4 f3 55. gxf3 gxf3 56. Kxf3 Kb6 57. a5+ Kxa5 1/2-1/2

[Event "Early-Titled-Tuesday-Blitz-March-26-2024"]
[Site "Chess.com"]
[Date "2024.03.26"]
[Round "1"]
[White "VladimirKramnik"]
[Black "Staudenhocker43"]
[Result "1-0"]
[WhiteElo "3008"]
[BlackElo "2531"]
[TimeControl "180+1"]
[EndTime "8:07:46 PDT"]
[Termination "VladimirKramnik won by resignation"]

1. e4 c5 2. Nf3 e6 3. c3 Nf6 4. e5 Nd5 5. Bc4 d6 6. d4 cxd4 7. cxd4 Be7 8. O-O O-O 9. Re1 b6 10. Nc3 Nxc3 11. bxc3 Bb7 12. d5 Qc8 13. exd6 Bxd6 14.
dxe6 Qxc4 15. Qxd6 fxe6 16. Nd4 Nc6 17. Qxe6+ Qxe6 18. Nxe6 Rf7 19. Ng5 Rd7 20. Bf4 h6 21. Ne4 Rad8 22.
f3 Kf7 23. Nf2 Ne7 24. h4 Rc8 25. Ng4 Ng6 26. Bg3 h5 27. Ne5+ Nxe5 28. Bxe5 Rd2 29.
Rad1 Rcd8 30. Bd4 Rxa2 31. Re5 Rd5 32. Rde1 Rxe5 33. Rxe5 g6 34. Re1 Ra5 35. Kh2 Rd5 36. Kg3 Rd6 37. Ra1 a6 38. Kf4 b5 39. Rb1 Bd5 40. g4 hxg4 41. fxg4 Re6 42. h5 gxh5 43. gxh5 Kg8 44. Kg5 Kh7 45. Rf1 Re2 46. Rf8 Rg2+ 47. Kh4 Rg8 48. Rf6 Ra8 49. Rd6 Bc4 50. Rd7+ Kg8 51.
h6 Bd3 52. Rg7+ Kf8 53. Bc5+ Ke8 54. Rg8+ Kf7 55. Rxa8 1-0

[Event "Early-Titled-Tuesday-Blitz-March-26-2024"]
[Site "Chess.com"]
[Date "2024.03.26"]
[Round "1"]
[White "emeli_chess"]
[Black "Mysterio47"]
[Result "0-1"]
[WhiteElo "2384"]
[BlackElo "2711"]
[TimeControl "180+1"]
[EndTime "8:07:47 PDT"]
[Termination "Mysterio47 won by resignation"]

1. d4 Nf6 2. c4 g6 3. Nc3 Bg7 4. e4 d6 5. f3 O-O 6. Be3 c5 7.
Nge2 Nc6 8. d5 Ne5 9. Ng3 e6 10. Be2 exd5 11. cxd5 a6 12. a4 h5 13. O-O h4 14. Nh1 Nh7 15. Nf2 f5 16. f4 Nf7 17. h3 Nf6 18. Bf3 Re8 19. Re1 fxe4 20. Nfxe4 Bf5 21. Bf2 Nxe4 22. Nxe4 Rb8 23. b3 Bxa1 24. Qxa1 Bxe4 25. Bxe4 Nh8 26. f5 g5 27.
f6 Nf7 28. Bf5 Re5 29. Be6 Qxf6 30. Rf1 Rxe6 31. dxe6 Qxe6 32. Qd1 Re8 33. Qh5 Qh6 34. Qf3 Re7 35. Be1 Qe6 36. Bc3 Qe3+ 37. Qxe3 Rxe3 38. Rf3 Rxf3 39. gxf3 b5 40. Kf2 Kh7 41. Ke3 d5 42. Bf6 Kg6 43. Be7 c4 44. bxc4 dxc4 45. Kd4 Kf5 46. a5 Ne5 47. Bb4 Nc6+ 48. Kc5 Nxb4 49.
Kxb4 Kf4 0-1

[Event "Early-Titled-Tuesday-Blitz-March-26-2024"]
[Site "Chess.com"]
[Date "2024.03.26"]
[Round "1"]
[White "kids2010"]
[Black "gummigisla"]
[Result "1-0"]
[WhiteElo "2792"]
[BlackElo "2439"]
[TimeControl "180+1"]
[EndTime "8:07:48 PDT"]
[Termination "kids2010 won by resignation"]

1. e4 c5 2. Nc3 g6 3. g3 Bg7 4. Bg2 Nc6 5. Nge2 Rb8 6. a4 b6 7. O-O a6 8. d3 d6 9. Be3 e5 10. Nd5 h6 11. c3 Nge7 12. d4 O-O 13. Qd2 Kh7 14. Rfd1 Nxd5 15. exd5 Na5 16. Qe1 Bg4 17. dxe5 dxe5 18. h3 Bd7 19. b4 Nc4 20. bxc5 Nxe3 21.
fxe3 bxc5 22. Qd2 h5 23. d6 Bh6 24. c4 Rb3 25. Nc3 Qa5 26. Rac1 f5 27. Rc2 e4 28. Kh2 Qb4 29. Bf1 Bg7 30. Nd5 Qxd2+ 31. Rcxd2 Be5 32. h4 Bxa4 33. Ra2 Rb2+ 34. Rxb2 Bxd1 35. Rb7+ Kh6 36.
d7 Ba4 37. Be2 Bc6 38. Ra7 Rd8 39. Nb6 Bb8 40. Rxa6 Bxd7 41. Nd5 Be8 42. Kg2 Bd6 43. Kf2 Bf7 44. Nf4 Bxf4 45. gxf4 Rd2 46. Ra4 Rc2 47. Ke1 Be8 48. Ra5 Rc3 49. Kd2 Bf7 50. Kxc3 1-0

[Event "Early-Titled-Tuesday-Blitz-March-26-2024"]
[Site "Chess.com"]
[Date "2024.03.26"]
[Round "1"]
[White "Yaacovn"]
[Black "Juicy_Fork"]
[Result "1-0"]
[WhiteElo "2909"]
[BlackElo "2504"]
[TimeControl "180+1"]
[EndTime "8:07:50 PDT"]
[Termination "Yaacovn won by resignation"]

1. d4 Nf6 2. e3 e6 3. Bd3 d5 4.
Nd2 Be7 5. f4 O-O 6. Ngf3 c5 7.
c3 Nc6 8. O-O Ng4 9. Ng5 Bxg5 10. Qxg4 Bf6 11. Qe2 cxd4 12. exd4 g6 13. Nf3 Bg7 14.
Be3 Bd7 15. Bf2 a6 16. Rae1 b5 17. Ne5 b4 18. Rc1 bxc3 19. Rxc3 Nb4 20. Ra1 Nxd3 21. Nxd3 Bb5 22. Qd2 Bxd3 23. Qxd3 Qb6 24. b3 a5 25. Rb1 a4 26. b4 Rfc8 27. Rc5 Bf8 28.
a3 Qb8 29. Rbc1 Rxc5 30. dxc5 Qxf4 31. Rf1 Bg7 32. Be3 Qh4 33. c6 Be5 34. h3 Qg3 35. Rf3 Qh2+ 36. Kf2 Qh1 37. Qf1 Qh2 38. Ke2 d4 39.
Bg1 Qh1 40. Kd3 Rc8 41. b5 Rb8 42. Bxd4 Qh2 43. Bg1 Qh1 44. Kc4 f6 45. Ba7 Qh2 46. Bxb8 Bxb8 47. Rxf6 Qe5 48. Rf8+ Kg7 49. Qf7+ Kh6 50.
Qf4+ Qxf4+ 51. Rxf4 Bxf4 52. b6 e5 53. c7 e4 54.
c8=Q 1-0

[Event "Early-Titled-Tuesday-Blitz-March-26-2024"]
[Site "Chess.com"]
[Date "2024.03.26"]
[Round "1"]
[White "amiralfio"]
[Black "DmitriiZakurdaev"]
[Result "1-0"]
[WhiteElo "2739"]
[BlackElo "2403"]
[TimeControl "180+1"]
[EndTime "8:07:51 PDT"]
[Termination "amiralfio won by resignation"]

1. d4 d5 2. Bf4 Nf6 3. e3 e6 4.
Nf3 Bd6 5. Bg3 O-O 6. Nbd2 c5 7. c3 b6 8. Ne5 Qc7 9. f4 Ba6 10. Bxa6 Nxa6 11. O-O Nb8 12. Bh4 Ne8 13. Rf3 f6 14. Nd3 c4 15. Nf2 f5 16. Rh3 Nd7 17. g4 Nef6 18.
Bxf6 Nxf6 19. g5 Ne4 20. Ndxe4 fxe4 21. Qh5 g6 22. Qh4 Be7 23. Ng4 h5 24. Ne5 Rf7 25. Nxg6 Rh7 26. Nxe7+ Qxe7 27. g6 Qg7 28. Kh1 Rh6 29.
Rg1 Rf8 30. Qg5 Rf5 31. Qd8+ Rf8 32. Qd6 Rf6 33. Qb8+ Rf8 34. Qe5 Rf6 35. Rhg3 Rhxg6 36. Qxh5 Kf7 37. Rxg6 Rxg6 38. Rxg6 Qxg6 39. Qxg6+ Kxg6 40. Kg2 Kh6 41. Kg3 Kh5 42. Kh3 Kh6 43. Kg4 Kg6 44.
h4 Kh6 45. h5 Kh7 46. Kg5 Kg7 47. f5 exf5 48. Kxf5 Kh6 49. Ke5 Kxh5 50. Kxd5 Kg4 51. Kxe4 1-0

[Event "Early-Titled-Tuesday-Blitz-March-26-2024"]
[Site "Chess.com"]
[Date "2024.03.26"]
[Round "1"]
[White "wqws"]
[Black "agvania123"]
[Result "1/2-1/2"]
[WhiteElo "2734"]
[BlackElo "2419"]
[TimeControl "180+1"]
[EndTime "8:07:52 PDT"]
[Termination "Game drawn by stalemate"]

1. e4 d5 2. exd5 Qxd5 3. Nc3 Qd8 4. d4 Nf6 5. Nf3 Bg4 6. Bc4 e6 7. Be3 Nc6 8. h3 Bh5 9. g4 Bg6 10. Ne5 Nxe5 11. dxe5 Ne4 12. Qf3 Nxc3 13. bxc3 c6 14.
O-O Qc7 15. Qg3 Be7 16. Rac1 O-O-O 17. a4 h5 18. g5 h4 19. Qf3 Qxe5 20. a5 Be4 21. Qg4 Bf5 22. Qg2 Qe4 23. Qxe4 Bxe4 24. Bxa7 Bxg5 25. f4 Bf6 26. a6 b5 27. Be2 Bxc3 28.
Bb6 Bd4+ 29. Bxd4 Rxd4 30. Kf2 Rhd8 31. Rg1 Bg6 32. Rg4 Kc7 33. Rxh4 Rd2 34. Ke3 Rxc2 35. Rxc2 Bxc2 36. Rg4 g6 37. Rg1 Bf5 38. Rc1 Kb6 39. Bf3 Rd3+ 40. Ke2 c5 41. a7 Kxa7 42.
Rxc5 Kb6 43. Rxf5 Rxf3 44. Rxf7 Rxh3 45. Rf6 Kc5 46. Rxe6 Rh4 47. Ke3 Rh3+ 48. Kf2 Rh4 49. Kg3 Rh1 50. Kg2 Rh4 51. Kf3 Rh3+ 52. Kg4 Rh1 53.
Rxg6 Rg1+ 54. Kf5 Rxg6 55. Kxg6 b4 56. f5 b3 57. f6 b2 58. f7 b1=Q+ 59. Kg7 Qg1+ 60.
Kh7 Qf2 61. Kg7 Qg3+ 62. Kh8 Qf4 63. Kg8 Qg5+ 64. Kh8 Qf6+ 65. Kg8 Qg6+ 66. Kh8 Qh6+ 67. Kg8 Qe6 68. Kh8 Qe7 69. Kg8 Qg5+ 70. Kh8 Qf5 71. Kg8 Qg6+ 72. Kh8 Qxf7 1/2-1/2

[Event "Early-Titled-Tuesday-Blitz-March-26-2024"]
[Site "Chess.com"]
[Date "2024.03.26"]
[Round "1"]
[White "newyorkmouse"]
[Black "AsaHoffmann"]
[Result "1-0"]
[WhiteElo "2708"]
[BlackElo "2374"]
[TimeControl "180+1"]
[EndTime "8:07:53 PDT"]
[Termination "newyorkmouse won on time"]

1. e4 d6 2. Nf3 Bg4 3. Nc3 c6 4. d4 Nf6 5. Bd3 e6 6. O-O d5 7. exd5 cxd5 8. Bf4 Nc6 9. Nb5 Rc8 10. c3 a6 11. Na3 Bxa3 12. bxa3 Qa5 13. Qb3 b5 14. Nd2 Qb6 15. a4 Na5 16. Qb4 Nc6 17.
Qb3 Na5 18. Qb2 Qc6 19. axb5 Qxc3 20. Qxc3 Rxc3 21. Rfc1 Rxd3 22. Rc8+ Kd7 23. Rxh8 axb5 24. Rb1 Nc4 25. Nxc4 dxc4 26. h3 Bf5 27. Rxb5 Rxd4 28. Be5 Rd1+ 29. Kh2 Nd5 30. Rc5 f6 31. Bg3 c3 32.
Rg8 e5 33. Rgc8 c2 34. a4 Ra1 35. a5 Nb4 36. h4 Kd6 37. R8c7 Na2 38. Rxc2 Bxc2 39. Rxc2 Nb4 40. Rb2 Nd3 41. Rb7 Rxa5 42.
Rxg7 Ra2 43. f3 Nf4 44. Bxf4 exf4 45. Rxh7 Ke5 46. Rh5+ f5 47. Rh6 Ra1 48. Rb6 Rc1 49. Rb5+ Kf6 50. Rb4 Ke5 51. h5 Rc8 52. Kh3 Rg8 53.
Rb2 Kf6 54. Kh4 Rh8 55. Rb6+ Ke5 56. Rg6 Rh7 57. Kg5 1-0

[Event "Early-Titled-Tuesday-Blitz-March-26-2024"]
[Site "Chess.com"]
[Date "2024.03.26"]
[Round "1"]
[White "atalz0"]
[Black "BilicVladimir"]
[Result "1-0"]
[WhiteElo "2382"]
[BlackElo "2686"]
[TimeControl "180+1"]
[EndTime "8:07:55 PDT"]
[Termination "atalz0 won by resignation"]

1. d4 c6 2. c4 d5 3. e3 Nf6 4. Nc3 a6 5. Qc2 b5 6. b3 e6 7.
Nf3 Be7 8. Bd3 O-O 9. O-O Nbd7 10. Bb2 Bb7 11. c5 Qc7 12. b4 a5 13. a3 Rfe8 14. h3 Bf8 15. e4 dxe4 16. Nxe4 Nxe4 17. Bxe4 Nf6 18. Rad1 g6 19. Ne5 Bg7 20. Bf3 axb4 21. axb4 Ra4 22. Bc3 Rea8 23. Ra1 Nd7 24. Rxa4 Rxa4 25.
Re1 Nxe5 26. dxe5 Qb8 27. h4 h5 28. Qd3 Ra3 29. Qd4 Qc7 30. Ra1 Rxa1+ 31. Bxa1 Bf8 32. Bc3 Be7 33. Bd2 Qd8 34. Qxd8+ Bxd8 35. Bg5 Bc7 36. Bf6 Kf8 37. Be4 Bb8 38. f4 Bc7 39. Kf2 Ke8 40. Kf3 Kd7 41. g4 hxg4+ 42. Kxg4 Ke8 43.
Kg5 Bd8 44. Kh6 Bxf6 45. exf6 Kf8 46. Kh7 Ba8 47. Bxg6 fxg6 48. Kxg6 Bb7 49. f7 Bc8 50. Kf6 e5 51. fxe5 Bd7 52. e6 Bxe6 53. Kxe6 Kg7 54. Ke7 Kg6 55. f8=Q 1-0

[Event "Early-Titled-Tuesday-Blitz-March-26-2024"]
[Site "Chess.com"]
[Date "2024.03.26"]
[Round "1"]
[White "SaiAgni_98"]
[Black "wonderfultime"]
[Result "0-1"]
[WhiteElo "2530"]
[BlackElo "3005"]
[TimeControl "180+1"]
[EndTime "8:07:56 PDT"]
[Termination "wonderfultime won by resignation"]

1. e4 e5 2. Nf3 Nc6 3. Bc4 Bc5 4. d3 d6 5. Nc3 Nf6 6. Na4 Bb6 7. Nxb6 axb6 8. a3 h6 9. h3 O-O 10. O-O Be6 11. Bxe6 fxe6 12. c3 Qe8 13. Re1 Nh5 14. d4 exd4 15. Nxd4 Ne5 16. Qb3 Rf6 17. f4 Nd3 18. Rf1 Nhxf4 19. Bxf4 Nxf4 20. Rxf4 Rxf4 21. Nxe6 Qf7 22. Qd5 c6 23. Qd2 Rxe4 24.
Nd4 Rf8 25. Nf3 d5 26. Rf1 Qe7 27. Rf2 b5 28. Qd3 Qc5 29. Qd2 Qe3 30. Qd1 Qc5 31. Qd2 Rfe8 32. Kh2 Qd6+ 33. Kg1 Qf4 34. Qd1 Qg3 35.
Qd2 Re3 36. Qc2 Re1+ 37. Nxe1 Rxe1+ 38. Rf1 Qe3+ 39. Qf2 Rxf1+ 40. Kxf1 Qc1+ 41. Qe1 Qxe1+ 42. Kxe1 Kf7 43. Ke2 Ke6 44. Ke3 Ke5 45. b4 b6 46.
g3 c5 47. Kd3 h5 48. Ke3 g5 49. Kd3 h4 50. gxh4 gxh4 51. Ke3 c4 52. Kf3 d4 53.
cxd4+ Kxd4 54. Ke2 Kc3 0-1

[Event "Early-Titled-Tuesday-Blitz-March-26-2024"]
[Site "Chess.com"]
[Date "2024.03.26"]
[Round "1"]
[White "Davidalhesa2007"]
[Black "Chess_Gainz"]
[Result "0-1"]
[WhiteElo "1867"]
[BlackElo "2562"]
[TimeControl "180+1"]
[EndTime "8:07:56 PDT"]
[Termination "Chess_Gainz won by checkmate"]

1. d4 d6 2. Nc3 Nf6 3. Bf4 Nbd7 4.
e3 e5 5. dxe5 dxe5 6. Bg3 Bb4 7.
Ne2 O-O 8. a3 Be7 9. Nc1 c6 10.
Bc4 b5 11. Bb3 Qc7 12. O-O Nc5 13. Ba2 Rd8 14. Qe2 Be6 15. Bxe6 Nxe6 16. Nd3 Nd7 17. e4 Nd4 18. Qd1 Bd6 19. Ne2 Nxe2+ 20. Qxe2 Nf8 21.
f3 Ne6 22. Bf2 a5 23. c3 Be7 24. Rfd1 Bg5 25. g3 Rd7 26. h4 Bf6 27. Nc5 Nxc5 28.
Bxc5 Rad8 29. Rxd7 Rxd7 30. Rd1 h6 31. Kf2 Be7 32. Rxd7 Qxd7 33. Bxe7 Qxe7 34. Qd3 Qc5+ 35. Ke2 g6 36. Qe3 Qc4+ 37. Qd3 Qb3 38. Qd8+ Kg7 39.
Qe7 Qxb2+ 40. Kf1 Qxc3 41. Kg2 Qd2+ 42. Kh3 Qd4 43. Qe8 b4 44. Qxc6 bxa3 45. Qc1 Qb2 46. Qc8 a2 47. h5 a1=Q 48. hxg6 Qh1+ 49. Kg4 h5+ 50. Kf5 fxg6+ 51. Kg5 Qb6 52. Qd7+ Kf8 53. Qd8+ Qxd8+ 54. Kxg6 Qd6+ 55. Kg5 Qg2 56. Kxh5 Qxg3 57. f4 Qdg6# 0-1

[Event "Early-Titled-Tuesday-Blitz-March-26-2024"]
[Site "Chess.com"]
[Date "2024.03.26"]
[Round "1"]
[White "The_Machine04"]
[Black "wild3000"]
[Result "0-1"]
[WhiteElo "2788"]
[BlackElo "2461"]
[TimeControl "180+1"]
[EndTime "8:07:58 PDT"]
[Termination "wild3000 won on time"]

1. d4 Nf6 2. Nf3 d5 3. e3 e6 4. Nbd2 c5 5. c3 Nc6 6. Bd3 Be7 7. O-O O-O 8. dxc5 Bxc5 9. b4 Bd6 10. Bb2 a6 11. a3 Re8 12. c4 dxc4 13. Nxc4 Be7 14. Qe2 b5 15. Nce5 Nxe5 16. Nxe5 Bb7 17. Rfd1 Qb8 18. Rac1 Rd8 19. h3 h6 20. Nc6 Bxc6 21. Rxc6 a5 22. Rdc1 axb4 23. axb4 Ra2 24. Bb1 Ra4 25. Qc2 g6 26. Rc7 Nd5 27. Rxe7 Nxe7 28. Bf6 Rc8 29. Qb2 Rxc1+ 30. Qxc1 Nd5 31. Bd4 Rxb4 32.
Be4 Rc4 33. Qb1 Qc7 34. Bb2 Nc3 35. Qa1 Nxe4 36. Qa8+ Qc8 37. Qa7 b4 38. h4 h5 39.
Qb6 Nc3 40. Qd6 Kg7 41. Qe5+ Kg8 42. Qf6 Qc7 43. g3 Qc6 44. Qd8+ Kg7 45. Kh2 b3 46.
Qa5 Qf3 47. Qe5+ Qf6 0-1

[Event "Early-Titled-Tuesday-Blitz-March-26-2024"]
[Site "Chess.com"]
[Date "2024.03.26"]
[Round "1"]
[White "Zhigalko_Sergei"]
[Black "MaxLeto"]
[Result "1-0"]
[WhiteElo "2903"]
[BlackElo "2498"]
[TimeControl "180+1"]
[EndTime "8:08:01 PDT"]
[Termination "Zhigalko_Sergei won on time"]

1. g4 h5 2. g5 g6 3. h4 Bg7 4. d4 d5 5. Nf3 c5 6. c3 Nc6 7. Bg2 cxd4 8. cxd4 Bg4 9. Nc3 e6 10. e3 Nge7 11. Bd2 O-O 12. Bh3 Bxh3 13. Rxh3 Rc8 14. Rc1 Qb6 15. Na4 Qa6 16. Nc5 Qxa2 17. b3 b6 18. Ra1 Qb2 19. Nd3 Qxa1 20. Qxa1 a5 21. Ke2 Nf5 22. Rh1 Na7 23. Rc1 Nb5 24. Qa4 Rxc1 25. Nxc1 Nfd6 26. b4 Ra8 27. bxa5 bxa5 28.
Nb3 Bf8 29. Nxa5 Rc8 30. Ne5 Be7 31. Nac6 Bf8 32. Qa6 Rc7 33. Bb4 Rb7 34. Bxd6 Nxd6 35. Kf3 Rb2 36. Qa7 Bg7 37. Qa8+ Kh7 38. Nd3 Rc2 39.
Nce5 Ne4 40. Qb7 Rd2 41. Qxf7 Kh8 42. Nxg6+ Kh7 43. Nf8+ Kh8 44. Nxe6 Bxd4 45. Qf8+ 1-0

[Event "Early-Titled-Tuesday-Blitz-March-26-2024"]
[Site "Chess.com"]
[Date "2024.03.26"]
[Round "1"]
[White "GMJustin"]
[Black "LikeWater"]
[Result "0-1"]
[WhiteElo "2373"]
[BlackElo "2707"]
[TimeControl "180+1"]
[EndTime "8:08:01 PDT"]
[Termination "LikeWater won on time"]

1. d4 Nf6 2. c4 g6 3. h4 c5 4.
d5 b5 5. cxb5 a6 6. e3 axb5 7.
Bxb5 Qa5+ 8. Nc3 Ne4 9. Qd3 Nxc3 10. Qxc3 Qxc3+ 11. bxc3 Bg7 12. Ne2 Ba6 13. Bxa6 Nxa6 14.
h5 Nc7 15. e4 Nb5 16. Bd2 O-O 17. hxg6 fxg6 18. O-O Ra4 19. f3 Rfa8 20. Rfb1 Rxa2 21. Rxa2 Rxa2 22. Rxb5 Rxd2 23. Kf1 Bh6 24. Rxc5 Be3 25. Rc8+ Kf7 26. g4 Rd1+ 27. Kg2 Rd2 28. Kf1 h5 29. gxh5 gxh5 30. Rh8 Rd1+ 31. Kg2 Rd2 32. Kf1 Kg6 33. Rg8+ Kf6 34. f4 Rd1+ 35. Kg2 Bc5 36. Ng3 Rd2+ 37.
Kh3 Rd3 38. Kh4 Bf2 39. e5+ Kf7 40. Rg5 Rxc3 41. f5 d6 42. e6+ Kf6 43. Rg6+ Ke5 44. f6 Rxg3 45. Rxg3 Bxg3+ 46. Kxh5 Kxf6 0-1

[Event "Early-Titled-Tuesday-Blitz-March-26-2024"]
[Site "Chess.com"]
[Date "2024.03.26"]
[Round "1"]
[White "KuzubovYuriy"]
[Black "GiorgianBarbosa"]
[Result "1-0"]
[WhiteElo "2908"]
[BlackElo "2503"]
[TimeControl "180+1"]
[EndTime "8:08:02 PDT"]
[Termination "KuzubovYuriy won by checkmate"]

1. d4 Nf6 2. c4 g6 3. Nc3 Bg7 4. e4 O-O 5. Nge2 d6 6. Ng3 c5 7.
d5 e6 8. Be2 exd5 9. cxd5 h5 10.
Bg5 Nbd7 11. O-O a6 12. a4 Re8 13. f4 Qb6 14. Qc2 Nh7 15. Bh4 Ndf6 16. Kh1 Ng4 17. Bxg4 Bxg4 18. h3 Bd7 19. Rae1 c4 20. e5 dxe5 21.
f5 g5 22. f6 Bxf6 23. a5 Qd8 24. Nxh5 gxh4 25. Qf2 e4 26. Nxf6+ Qxf6 27. Qxf6 Nxf6 28.
Rxf6 e3 29. Rf3 Rac8 30. Rfxe3 Rxe3 31. Rxe3 Rc5 32. Re7 Bf5 33. d6 Rxa5 34. Rxb7 Re5 35. d7 Re1+ 36. Kh2 Bxd7 37. Rxd7 Rc1 38. Rd4 Rc2 39. Na4 Kg7 40. Rxh4 Kf6 41. Rf4+ Ke6 42. h4 Ke5 43. Rf3 f5 44. Rc3 Rd2 45. Rxc4 Rd1 46.
Nc3 Rd7 47. Ra4 Rd6 48. Ra5+ Kf4 49. g3+ Kg4 50. Ra4+ Kh5 51. Rf4 Rd2+ 52. Kh3 Rxb2 53. Rxf5+ Kh6 54. Ra5 Rc2 55. Ne4 Re2 56. Rxa6+ Kh7 57.
Ng5+ Kg7 58. h5 Kh8 59. h6 Re1 60. Ra8+ Re8 61. Rxe8# 1-0

[Event "Early-Titled-Tuesday-Blitz-March-26-2024"]
[Site "Chess.com"]
[Date "2024.03.26"]
[Round "1"]
[White "shirovin"]
[Black "MalyDominator"]
[Result "0-1"]
[WhiteElo "2057"]
[BlackElo "2568"]
[TimeControl "180+1"]
[EndTime "8:08:02 PDT"]
[Termination "MalyDominator won on time"]

1. e4 c6 2. Nc3 d5 3. Nf3 dxe4 4.
Nxe4 Nf6 5. Qe2 Nxe4 6. Qxe4 Nd7 7. Bc4 Nf6 8. Qh4 e6 9. O-O Be7 10. d4 O-O 11. Bg5 h6 12. Bd2 Nd5 13. Qg3 Bh4 14.
Qg4 e5 15. Qh5 Be7 16. Nxe5 Be6 17. Bd3 Nf6 18. Qh4 Ng4 19. Qh5 Nxe5 20. dxe5 Qd4 21. Be3 Qb4 22. Bxh6 Bg4 23. Bh7+ Kxh7 24. Bd2+ Bxh5 25.
Bxb4 Bxb4 26. c3 Bd6 27. exd6 Rad8 28. Rfe1 Rxd6 29. Re7 Rfd8 30. h3 R6d7 31. Rae1 Bg6 32. Rxd7 Rxd7 33. Re2 Rd1+ 34. Kh2 b5 35. Kg3 a5 36.
Kf4 a4 37. a3 Rd6 38. g4 Rf6+ 39. Kg3 Bd3 40. Rd2 Bc4 41. f4 Re6 42. Kf3 g6 43. f5 gxf5 44. gxf5 Rh6 45. Kg4 Kg7 46. h4 Rh8 47.
Rg2 Re8 48. Kf4+ Kf6 49. h5 Bd5 50. Rh2 Re4+ 51. Kg3 Kxf5 52. h6 Re8 53. h7 Rh8 0-1

[Event "Early-Titled-Tuesday-Blitz-March-26-2024"]
[Site "Chess.com"]
[Date "2024.03.26"]
[Round "1"]
[White "erugee"]
[Black "marcodobrikov"]
[Result "1-0"]
[WhiteElo "2340"]
[BlackElo "2635"]
[TimeControl "180+1"]
[EndTime "8:08:03 PDT"]
[Termination "erugee won by checkmate"]

1. e4 c6 2. d3 d5 3. Nd2 e5 4. Ngf3 Bd6 5. g3 Nf6 6. Bg2 O-O 7. O-O Bg4 8. h3 Bh5 9. Qe2 Nbd7 10. Re1 Re8 11. Nf1 a5 12. g4 Bg6 13. Ng3 a4 14.
a3 b5 15. Nf5 Bxf5 16. gxf5 d4 17. Kh1 c5 18. Rg1 Kh8 19. Nh2 Qe7 20. Bf3 Rac8 21. Bg5 c4 22. Rg2 h6 23. Bh4 Qd8 24. Rag1 Bf8 25.
Qd2 c3 26. bxc3 Rxc3 27. Ng4 Rxa3 28. Nxh6 gxh6 29. Rg8+ Nxg8 30. Bxd8 Rxd8 31. Bh5 Rc3 32. Bxf7 Ndf6 33. f4 exf4 34. Qxf4 Rd7 35. Be6 Rg7 36. Rxg7 Bxg7 37. e5 Nh5 38. Qh4 Bxe5 39. Qxh5 Rc7 40. Bf7 a3 41. Qg6 Bg7 42. Bxg8 Kxg8 43. f6 a2 44.
Qe8+ Bf8 45. Qe6+ Kh8 46. Qxa2 b4 47. Qa5 Rf7 48. Qf5 Kg8 49. Qe6 Bc5 50. Kg2 h5 51.
Kf3 h4 52. Ke4 Bf8 53. Kf5 Bh6 54. Kg6 Bf8 55. Qxf7+ Kh8 56. Qh7# 1-0

[Event "Early-Titled-Tuesday-Blitz-March-26-2024"]
[Site "Chess.com"]
[Date "2024.03.26"]
[Round "1"]
[White "Mops_2004"]
[Black "lagunanivaria"]
[Result "1-0"]
[WhiteElo "2812"]
[BlackElo "2458"]
[TimeControl "180+1"]
[EndTime "8:08:04 PDT"]
[Termination "Mops_2004 won by checkmate"]

1. Nf3 Nf6 2. g3 g6 3. Bg2 Bg7 4. c4 O-O 5. O-O c6 6. d4 d5 7. b3 Bf5 8. Bb2 Nbd7 9. e3 Re8 10. Qe2 Ne4 11. Nc3 Nxc3 12. Bxc3 Be4 13. Rfd1 Rc8 14. Bh3 e6 15. Nd2 h5 16. Nxe4 dxe4 17. Rac1 Qe7 18.
Bg2 f5 19. f3 exf3 20. Bxf3 e5 21. d5 e4 22. Bg2 Bxc3 23. Rxc3 cxd5 24. Rxd5 Nf6 25.
Rd4 Red8 26. Rc1 Rc7 27. Rcd1 Rcd7 28. h3 Kf8 29. Qb2 Kg7 30. Rxd7 Rxd7 31. Rxd7 Qxd7 32. Qd4 Qc7 33. Kf2 b6 34. Bf1 Qc5 35. Be2 Kf7 36. Qd8 Qe7 37. Qb8 Ne8 38. Qc8 Qc7 39. Qa8 Ke7 40.
Qd5 Nf6 41. Qa8 Ne8 42. b4 Nd6 43. Qd5 Nf7 44. c5 bxc5 45. bxc5 Nd8 46. Bc4 h4 47. gxh4 Qh2+ 48. Ke1 Qg3+ 49. Ke2 Qh2+ 50. Kd1 Qg1+ 51. Kc2 Qxe3 52. Qd6+ Ke8 53. Bb5+ Kf7 54.
Qd7+ Kf6 55. Qxd8+ Ke5 56. Qd6# 1-0

[Event "Early-Titled-Tuesday-Blitz-March-26-2024"]
[Site "Chess.com"]
[Date "2024.03.26"]
[Round "1"]
[White "BozeKat"]
[Black "Orest_Vovk"]
[Result "0-1"]
[WhiteElo "2072"]
[BlackElo "2571"]
[TimeControl "180+1"]
[EndTime "8:08:04 PDT"]
[Termination "Orest_Vovk won on time"]

1. d4 Nc6 2. d5 Ne5 3. Nc3 Ng6 4. e4 e5 5. Be3 Bb4 6. Ne2 Nf6 7. a3 Bxc3+ 8.
Nxc3 d6 9. Qd2 Ng4 10. O-O-O Nxe3 11. Qxe3 O-O 12. h4 h6 13. g3 f5 14. h5 f4 15. Qd3 Ne7 16. Bh3 Bxh3 17. Rxh3 Qd7 18. Rdh1 c6 19. f3 cxd5 20. Nxd5 Nxd5 21. Qxd5+ Qf7 22.
Rd1 Qxd5 23. Rxd5 fxg3 24. Rxg3 Rf6 25. Kd2 Rc8 26. c3 Rc5 27. Rd3 a5 28. Rg6 Rxg6 29. hxg6 Rc6 30. Rd5 b6 31. f4 Kf8 32. fxe5 dxe5 33.
Rxe5 Rxg6 34. Rb5 Ke7 35. c4 Kd7 36. c5 bxc5 37. Rxc5 Ra6 38. Kc3 g5 39. Kd4 g4 40.
Rh5 g3 41. Rh1 Rg6 42. Ke3 Kd6 43. Kf3 Ke5 44. Rh5+ Kd4 45. Rd5+ Kc4 46. Kg2 a4 47.
Rd2 h5 48. Rc2+ Kb3 49. Rc3+ Kxb2 50. Rxg3 Re6 51. Re3 h4 52. Kh3 Kc2 53. Kxh4 Kd2 54. Kh3 Kxe3 0-1